 Dungeon Crawl Stone Soup version 0.20.1-1-g8b1a95d (webtiles) character file.

102 Iscandelvey the Conjurer (level 4, -15/24 HPs)
             Began as a Deep Elf Conjurer on Dec 13, 2017.
             Killed from afar by Ijyb (25 damage)
             ... with a wand of lightning (?/15)
             ... on level 3 of the Dungeon.
             The game lasted 00:12:19 (2053 turns).

Iscandelvey the Conjurer (Deep Elf Conjurer)        Turns: 2053, Time: 00:12:20

Health: -15/24     AC:  2    Str:  5    XL:     4   Next: 50%
Magic:  7/12       EV: 13    Int: 21    God:
Gold:   145        SH:  0    Dex: 15    Spells: 5/11 levels left

rFire    . . .     SeeInvis .   e - +0 dagger (venom)
rCold    . . .     Gourm    .   (no shield)
rNeg     . . .     Faith    .   a - +0 robe
rPois    .         Spirit   .   (no helmet)
rElec    .         Reflect  .   (no cloak)
rCorr    .         Harm     .   (no gloves)
MR       .....                  (no boots)
Stlth    ++........             (no amulet)
Regen    0.1/turn               (no ring)
MPRegen  0.2/turn               (no ring)

@: no status effects
A: no striking features
a: no special abilities


You were on level 3 of the Dungeon.
You were not hungry.

You visited 1 branch of the dungeon, and saw 3 of its levels.

You collected 145 gold pieces.

Inventory:

Hand Weapons
 e - a +0 dagger of venom (weapon)
 f - a +0 short sword
 q - a +0 battleaxe of chopping
Armour
 a - a +0 robe (worn)
Wands
 m - a wand of iceblast (7/15)
Scrolls
 g - 2 scrolls of remove curse {unknown}
 h - a scroll of magic mapping {unknown}
 i - a scroll of random uselessness {unknown}
 j - a scroll of immolation {unknown}
 k - a scroll of recharging {unknown}
 l - a scroll of amnesia {unknown}
 r - a scroll of identify {unknown}
Potions
 o - a potion of cancellation {unknown}
 p - 2 potions of curing {unknown}
Books
 b - a book of Conjurations

   Spells                             Type                      Level
   a - Magic Dart                     Conjuration                  1
   b - Searing Ray                    Conjuration                  2
   c - Dazzling Spray                 Conjuration/Hexes            3
   d - Fulminant Prism                Conjuration/Hexes            4
   e - Force Lance                    Conjuration/Translocation    4
   f - Iskenderun's Mystic Blast      Conjuration                  4
Comestibles
 c - 2 bread rations
 d - 2 fruits
 n - 2 meat rations


   Skills:
 - Level 0.2 Short Blades
 + Level 3.3 Dodging
 - Level 2.5 Stealth
 * Level 4.3 Spellcasting
 * Level 5.5 Conjurations


You had 5 spell levels left.
You knew the following spells:

 Your Spells              Type           Power        Failure   Level  Hunger
a - Magic Dart            Conj           ####         1%          1    None
b - Searing Ray           Conj           ####..       1%          2    #......
c - Dazzling Spray        Conj/Hex       ###...       11%         3    ##.....


Dungeon Overview and Level Annotations

Branches:
Dungeon (3/15)

Altars:

Annotations:
D:3 Ijyb


Message History

Press: ? - help, Shift-Dir - straight line, f/p - leopard gecko
Aim: a leopard gecko (almost dead, clinging)
The magic dart hits the leopard gecko.
You kill the leopard gecko!
A rat comes into view.
Casting: Magic Dart
Confirm with . or Enter, or press ? or * to list all spells.
Aiming: Magic Dart
Press: ? - help, Shift-Dir - straight line, f - rat
Aim: a rat (resting)
The magic dart hits the rat.
You kill the rat!
You now have 145 gold pieces (gained 7).
Ijyb the Twisted Goblin comes into view.
She is wielding a dagger.
Ijyb shouts!
Ijyb zaps a wand.
The bolt of lightning hits you!
Ouch! That really hurt!
The bolt of lightning hits you!
Ouch! That really hurt!
You die...

.######.############.##.##.##
#.# #.##..#... # #.######
#####.##..#### #.#......#
#............# ##.#......#
#.........##.# #.........#
#..........#.# ####..#####
#........#.#.#
..####..#######.####.#.#...#
...........@................
..####..###.†.....##.#.##..#
#..# #.......##.#.###.# #..#
#........# #.# #.# ...#
#.......# #.###.. ###.#
#g......# .[.... #..
.......## #####. ### ########
#. .#####.


You could see Ijyb.

Vanquished Creatures
  5 adders
  An ooze (D:3)
  A worm (D:2)
  2 dart slugs (D:1)
  A leopard gecko (D:3)
  A giant cockroach (D:1)
  6 goblins
  9 hobgoblins
  6 kobolds
  3 bats
  5 frilled lizards
  5 rats
45 creatures vanquished.

Notes
Turn   | Place    | Note
-------+----------+-------------------------------------------
     0 | D:1      | Iscandelvey the Deep Elf Conjurer began the quest for the Orb.
     0 | D:1      | Reached XP level 1. HP: 10/10 MP: 6/6
   144 | D:1      | Reached XP level 2. HP: 12/15 MP: 4/8
   444 | D:1      | Learned a level 2 spell: Searing Ray
   548 | D:1      | Reached XP level 3. HP: 4/19 MP: 6/10
   867 | D:2      | Reached skill level 5 in Conjurations
   883 | D:2      | Learned a level 3 spell: Dazzling Spray
  1325 | D:2      | Reached XP level 4. HP: 24/24 MP: 4/11
  2052 | D:3      | Noticed Ijyb
  2053 | D:3      | Killed from afar by Ijyb

Skill      XL: |  1  2  3  4 |
---------------+-------------+-----
Dodging        | 3 |  3.3
Conjurations   | 5 |  5.5
Spellcasting   | 4 |  4.3
Short Blades   | |  0.2
Stealth        | |  2.5

Action                   |  1- 3 |  4- 6 || total
-------------------------+-------+-------++-------
Melee: Dagger            |    12 |     8 ||    20
       Battleaxe         |       |     4 ||     4
 Cast: Magic Dart        |    65 |    16 ||    81
       Searing Ray       |     2 |     3 ||     5
       Dazzling Spray    |     2 |       ||     2
  Eat: Chunk             |     1 |     3 ||     4
Armor: Robe              |     3 |     5 ||     8
Dodge: Dodged            |    26 |    16 ||    42
